 Dungeon Crawl Stone Soup version 0.25.1-2-g60ff931df9 (webtiles) character file.

Game seed: 15301364544608531767

47345 Peloso the Fencer (level 14, -1/127 HPs)
             Began as a Minotaur Fighter on Aug 14, 2020.
             Was the Champion of Okawaru.
             Slain by an orc warrior
             ... wielding a +0 glaive
              (19 damage)
             ... on level 1 of the Orcish Mines.
             The game lasted 00:35:50 (19706 turns).

Peloso the Fencer (Minotaur Fighter)               Turns: 19706, Time: 00:35:50

Health: -1/127     AC: 21    Str: 26      XL:     14   Next: 8%
Magic:  0/14       EV: 12    Int:  4 (6)  God:    Okawaru [******]
Gold:   1090       SH: 15    Dex: 12      Spells: 13/13 levels left

rFire    . . .     SeeInvis .   a - +1 double sword of Okawaru's Condemnation {freeze, rElec rN+ MR+ Str+2 Int+3}
rCold    . . .     Gourm    .   c - +1 kite shield
rNeg     + . .     Faith    .   p - +1 chain mail {rPois}
rPois    +         Spirit   +   (helmet restricted)
rElec    +         Reflect  .   N - +2 cloak
rCorr    .         Harm     .   (no gloves)
MR       ++...                  (no boots)
Stlth    ..........             t - amulet of guardian spirit
HPRegen  0.31/turn              D - +4 ring of protection
MPRegen  0.14/turn              (no ring)

@: no status effects
A: retaliatory headbutt, horns 2, dopey 1
a: Heroism, Finesse, Renounce Religion


You were on level 1 of the Orcish Mines.
You worshipped Okawaru.
Okawaru was exalted by your worship.
You were not hungry.

You visited 3 branches of the dungeon, and saw 19 of its levels.

You collected 1090 gold pieces.

Inventory:

Hand Weapons
 a - the +1 double sword of Okawaru's Condemnation (weapon) {freeze, rElec rN+ MR+ Str+2 Int+3}
   (Okawaru gifted it to you on level 8 of the Dungeon)

   It has been specially enchanted to freeze those struck by it, causing extra
   injury to most foes and up to half again as much damage against particularly
   susceptible opponents.
   It can also slow down cold-blooded creatures.
   It affects your strength (+2).
   It affects your intelligence (+3).
   It insulates you from electricity.
   It protects you from negative energy.
   It affects your resistance to hostile enchantments.
 h - the +2 falchion of Avoreus {vorpal, rPois rF++}
   (Okawaru gifted it to you on level 3 of the Lair of Beasts)

   It inflicts extra damage upon your enemies.
   It greatly protects you from fire.
   It protects you from poison.
 m - a +2 scimitar of flaming
Armour
 c - a +1 kite shield (worn)
 p - a +1 chain mail of poison resistance (worn)
 N - a +2 cloak (worn)
 P - a +2 chain mail of fire resistance
Jewellery
 o - an uncursed ring of stealth
 t - an amulet of guardian spirit (around neck)
 D - a +4 ring of protection (left hand)
 J - a cursed +6 ring of dexterity
Wands
 v - a wand of paralysis (8)
 C - a wand of enslavement (7)
Scrolls
 g - 4 scrolls of fog {unknown}
 i - 3 scrolls of fear {unknown}
 j - 3 scrolls of magic mapping {unknown}
 k - 6 scrolls of remove curse
 q - a scroll of identify
 r - 5 scrolls of teleportation
 s - a scroll of acquirement
 x - 3 scrolls of enchant armour
 y - 3 scrolls of random uselessness {unknown}
 E - 2 scrolls of silence
 F - 2 scrolls of blinking
 H - a scroll of immolation
 I - a scroll of noise
Potions
 b - a potion of cancellation
 d - 6 potions of might
 e - a potion of ambrosia
 l - 3 potions of resistance
 n - a potion of haste
 u - a potion of flight
 w - 7 potions of curing
 z - 3 potions of berserk rage
 A - a potion of invisibility
 G - a potion of brilliance
 K - 3 potions of stabbing
Miscellaneous
 B - 2 boxes of beasts
 Q - a tin of tremorstones (3/3)
Comestibles
 f - 37 rations
 L - 10 chunks of flesh


   Skills:
 + Level 12.3 Fighting
   Level 3.4(10.7) Short Blades
 + Level 16.3(16.5) Long Blades
 + Level 12.5 Armour
 + Level 6.2 Dodging
 + Level 1.4 Stealth
 + Level 14.6 Shields
 + Level 1.1 Invocations
 + Level 1.3 Evocations


You had 13 spell levels left.
You didn't know any spells.
Your spell library contained the following spells:

 Spells                   Type           Power        Failure   Level  Hunger
 Beastly Appendage        Tmut           #.....       95%         1    ##.....
 Freeze                   Ice            #...         95%         1    ##.....
 Sandblast                Erth           #.....       95%         1    ##.....
 Sting                    Tmut/Pois      #...         95%         1    ##.....
 Passwall                 Tmut/Erth      #.......     98%         2    ###....
 Poisonous Vapours        Pois/Air       #.....       98%         2    ###....
 Sticks to Snakes         Tmut           #.......     98%         2    ###....
 Frozen Ramparts          Ice            #.....       100%        3    ####...
 Ignite Poison            Fire/Tmut/Pois #.......     100%        3    ####...
 Mephitic Cloud           Conj/Pois/Air  #.......     100%        3    ####...
 Ozocubu's Armour         Chrm/Ice       #.......     100%        3    ####...
 Spider Form              Tmut/Pois      #.........   100%        3    ####...
 Stone Arrow              Conj/Erth      #.....       100%        3    ####...
 Hailstorm                Conj/Ice       #.......     100%        4    #####..
 Ice Form                 Ice/Tmut       #.......     100%        4    #####..
 Olgreb's Toxic Radiance  Pois           #.......     100%        4    #####..
 Petrify                  Tmut/Erth      #.......     100%        4    #####..
 Summon Ice Beast         Ice/Summ       #.......     100%        4    #####..
 Blade Hands              Tmut           #.........   100%        5    ######.
 Lee's Rapid Deconstruct  Erth           #.........   100%        5    ######.


Dungeon Overview and Level Annotations

Branches:
Dungeon (13/15)            Temple (0/1) D:4            Lair (4/6) D:8
  Swamp (0/4) Lair:3        Snake (0/4) Lair:3          Orc (2/2) D:10
    Elf: Orc:2       Vaults: D:13-14

Altars:
Ashenzari
Elyvilon
Fedhas
Makhleb
Nemelex Xobeh
Okawaru
Qazlal
Sif Muna
Vehumet
Wu Jian
Xom
Zin
The Shining One

Shops:
D:4 }   D:13 %

Annotations:
D:8 3 runed translucent doors, generaletaddeo's ghost, novice DrWz


Innate Abilities, Weirdness & Mutations

You reflexively headbutt those who attack you in melee.
You have a pair of horns on your head.
You are dopey. (Int -2)


Message History

Unknown command.
You slash the orc warrior! You freeze the orc warrior.
You headbutt the orc warrior.
The orc warrior is heavily wounded.
The orc warrior hits you with a +0 hand axe.
* * * LOW HITPOINT WARNING * * *
The orc warrior hits you but does no damage.
Unknown command.
You barely miss the orc warrior.
The orc warrior is heavily wounded.
The orc wizard points at you and mumbles some strange words.
The puff of frost hits you!
* * * LOW HITPOINT WARNING * * *
Unknown command.
You slice the orc warrior!! You freeze the orc warrior.
You kill the orc warrior!
Okawaru accepts your kill. The orc hits you but does no damage.
The orc warrior hits you from afar with a +0 glaive!!
You die...

....###.....
......... ..#
......^## ..#
##......# ....
##.#....).# $..#
#......>..###...#
.....#..o.o...#
... ##.#o)†.## .
###)@o## #.....#
......##
#.##.#.## # ##...
#.## ##


You could see an orc warrior, an orc wizard (fast) and 2 orcs.

Vanquished Creatures
  Frances (D:12)
  Kirke (D:12)
  Snorg (D:11)
  Josephine (Orc:2)
  9 hydras
  2 centaur warriors (D:13)
  A dancing weapon (D:7)
  4 two-headed ogres
  Erica (D:8)
  An orc high priest (Orc:2)
  3 death yaks (Lair:4)
  The ghost of luab the Insei, a novice GnTm of Sif Muna (D:7)
  An unseen horror (D:12)
  Joseph (D:7)
  2 black mambas (Lair:3)
  2 gargoyles
  11 spiny frogs
  A rime drake (Lair:2)
  A kobold demonologist (D:13)
  6 komodo dragons
  Grinder (D:6)
  A polar bear (Lair:4)
  10 trolls
  7 slime creatures
  A hornet (D:9)
  4 hippogriffs
  A vampire (D:11)
  A wyvern (D:9)
  5 wraiths
  Eustachio (D:6)
  17 yaks
  A steam dragon (D:12)
  4 hogs (D:12)
  5 basilisks
  2 hungry ghosts
  A swamp worm (Lair:3)
  3 wargs
  3 nagas (Lair:3)
  6 water moccasins
  6 porcupines
  2 sky beasts
  A black bear (D:12)
  4 ice beasts
  11 orc warriors
  3 phantoms
  2 necrophages
  An eye of draining (D:13)
  4 ogres
  5 centaurs
  10 wolves
  8 crocodiles
  8 big kobolds
  16 bullfrogs
  A wyvern zombie (D:12)
  A gnoll sergeant (D:9)
  2 scorpions
  3 killer bees (D:9)
  13 wights
  An electric eel (Lair:2)
  4 howler monkeys
  6 crimson imps
  2 quasits
  2 bullfrog skeletons
  A bullfrog zombie (D:13)
  3 centaur zombies
  5 hounds
  9 orc priests
  5 jellies
  3 iguanas
  15 orc wizards
  10 worker ants
  A hound zombie (D:6)
  2 hound skeletons (D:6)
  A worker ant zombie (D:8)
  9 gnolls
  A howler monkey skeleton (D:7)
  11 adders
  3 shadow imps
  A white imp (D:5)
  5 oozes (D:11)
  4 worms
  A dart slug (D:3)
  8 leopard geckos
  33 orcs
  6 giant cockroaches
  9 goblins
  9 hobgoblins
  15 jackals
  19 kobolds
  4 quokkas
  2 ball pythons
  5 bats
  7 frilled lizards
  2 goblin skeletons (D:5)
  3 goblin zombies (D:5)
  2 hobgoblin zombies (D:5)
  A jackal skeleton (D:6)
  A jackal zombie (D:7)
  A kobold zombie (D:5)
  A leopard gecko skeleton (D:4)
  An orc skeleton (D:5)
  5 rats
465 creatures vanquished.

Vanquished Creatures (others)
  An orc wizard (Orc:2)
  A bullfrog skeleton (D:12)
  An iguana (D:12)
  A worker ant zombie (D:6)
  4 bushes (D:8)
  A fungus (D:8)
  18 plants (D:8)
27 creatures vanquished.

Grand Total: 492 creatures vanquished

Notes
Turn   | Place    | Note
-------+----------+-------------------------------------------
     0 | D:1      | Peloso the Minotaur Fighter began the quest for the Orb.
     0 | D:1      | Reached XP level 1. HP: 19/19 MP: 0/0
   176 | D:1      | Reached XP level 2. HP: 27/27 MP: 1/1
   848 | D:1      | Reached XP level 3. HP: 33/33 MP: 2/2
  1016 | D:1      | Reached skill level 3 in Long Blades
  1406 | D:2      | Reached XP level 4. HP: 40/40 MP: 3/3
  1566 | D:2      | Found an iron altar of Okawaru.
  1601 | D:2      | Found a glowing silver altar of Zin.
  1655 | D:2      | Became a worshipper of Warmaster Okawaru
  1718 | D:2      | Found a burning altar of Makhleb.
  1746 | D:2      | Found a blossoming altar of Fedhas.
  1764 | D:2      | Reached skill level 4 in Long Blades
  1764 | D:2      | Reached skill level 5 in Shields
  2015 | D:2      | Reached XP level 5. HP: 42/46 MP: 4/4
  2854 | D:4      | Noticed an ogre
  2888 | D:4      | Killed an ogre
  2888 | D:4      | Reached skill level 1 in Short Blades
  2888 | D:4      | Reached XP level 6. HP: 41/53 MP: 5/5
  3014 | D:4      | Reached * piety under Okawaru
  3014 | D:4      | Reached skill level 1 in Dodging
  3434 | D:4      | Found a staircase to the Ecumenical Temple.
  3441 | D:4      | Reached skill level 5 in Armour
  3528 | D:4      | Found Lyblowol's Gadget Shoppe.
  3638 | D:4      | Noticed an ice beast
  3648 | D:4      | Killed an ice beast
  3755 | D:4      | Reached XP level 7. HP: 53/60 MP: 6/6
  4124 | D:5      | Entered Level 5 of the Dungeon
  4653 | D:5      | Reached skill level 5 in Fighting
  4676 | D:5      | Found a glowing golden altar of the Shining One.
  4845 | D:5      | Reached ** piety under Okawaru
  5068 | D:5      | Reached skill level 5 in Long Blades
  5312 | D:6      | Noticed a komodo dragon
  5336 | D:6      | Found a radiant altar of Vehumet.
  5653 | D:7      | Found a blossoming altar of Fedhas.
  5700 | D:7      | Reached XP level 8. HP: 43/69 MP: 5/7
  5806 | D:7      | Noticed Joseph
  5836 | D:7      | Killed Joseph
  5836 | D:7      | Reached skill level 6 in Long Blades
  6116 | D:7      | Found a runed translucent door.
  6121 | D:7      | Found a shimmering altar of Xom.
  6121 | D:7      | Noticed luab's ghost (novice GnTm)
  6122 | D:7      | Noticed a +1 rapier of chaos
  6172 | D:7      | Reached skill level 1 in Evocations
  6211 | D:7      | Reached skill level 7 in Long Blades
  6214 | D:7      | Reached *** piety under Okawaru
  6542 | D:7      | Found a sparkling altar of Nemelex Xobeh.
  6696 | D:8      | Found a runed translucent gate.
  6696 | D:8      | Found a runed translucent gate.
  6696 | D:8      | Found a runed translucent gate.
  6961 | D:8      | Reached XP level 9. HP: 75/75 MP: 9/9
  7034 | D:8      | Reached skill level 8 in Long Blades
  7356 | D:8      | Reached **** piety under Okawaru
  7393 | D:8      | Noticed Erica
  7416 | D:8      | Killed Erica
  7416 | D:8      | Reached skill level 9 in Long Blades
  7648 | D:8      | Noticed a two-headed ogre
  7659 | D:8      | Killed a two-headed ogre
  7659 | D:8      | Reached ***** piety under Okawaru
  7659 | D:8      | Received a gift from Okawaru
  7659 | D:8      | Reached XP level 10. HP: 55/86 MP: 7/10
  7778 | D:8      | Got a brightly glowing double sword {god gift}
  7779 | D:8      | Identified the +1 double sword of Okawaru's Condemnation
                  | {freeze, rElec rN+ MR+ Str+2 Int+3} (Okawaru gifted it to
                  | you on level 8 of the Dungeon)
  7814 | D:8      | Found a staircase to the Lair.
  7943 | D:8      | Noticed generaletaddeo's ghost (novice DrWz)
  8443 | D:9      | Reached skill level 10 in Long Blades
  8720 | D:9      | Noticed a two-headed ogre
  8730 | D:9      | Killed a two-headed ogre
  8730 | D:9      | Received a gift from Okawaru
  8730 | D:9      | Reached skill level 1 in Stealth
  8730 | D:9      | Reached skill level 10 in Shields
  8955 | D:9      | Noticed a two-headed ogre
  8959 | D:9      | Killed a two-headed ogre
  8959 | D:9      | Reached skill level 11 in Long Blades
  9023 | D:9      | Found a stormy altar of Qazlal.
  9217 | D:9      | Reached XP level 11. HP: 72/95 MP: 6/11
  9384 | D:10     | Entered Level 10 of the Dungeon
  9492 | D:10     | Reached skill level 12 in Long Blades
  9558 | D:10     | Received a gift from Okawaru
  9570 | D:10     | Got an ancient ring mail {god gift}
  9585 | D:10     | Identified the +1 ring mail of the Commoners {Int+4}
                  | (Okawaru gifted it to you on level 10 of the Dungeon)
  9736 | D:10     | Found a staircase to the Orcish Mines.
 10021 | D:10     | Found a white marble altar of Elyvilon.
 10325 | D:6      | Noticed Eustachio
 10335 | D:6      | Killed Eustachio
 10677 | D:6      | Found a shimmering blue altar of Sif Muna.
 10740 | D:6      | Found a shattered altar of Ashenzari.
 10743 | D:6      | Noticed Grinder
 10754 | D:6      | Killed Grinder
 10754 | D:6      | Reached skill level 5 in Dodging
 11054 | D:7      | Killed a +1 rapier of chaos
 11054 | D:7      | Reached skill level 13 in Long Blades
 11063 | D:7      | Killed luab's ghost
 11400 | D:11     | Noticed Snorg
 11408 | D:11     | Killed Snorg
 11408 | D:11     | Reached skill level 10 in Armour
 12066 | D:12     | Killed an unseen horror
 12260 | D:12     | Reached XP level 12. HP: 100/105 MP: 9/12
 12383 | D:12     | Noticed Kirke
 12402 | D:12     | Killed Kirke
 12402 | D:12     | Reached ****** piety under Okawaru
 12402 | D:12     | Reached skill level 14 in Long Blades
 12635 | D:12     | Received a gift from Okawaru
 12730 | D:12     | Noticed Frances
 12740 | D:12     | Killed Frances
 12740 | D:12     | Reached skill level 10 in Fighting
 12740 | D:12     | Reached skill level 1 in Invocations
 13341 | Lair:1   | Entered Level 1 of the Lair of Beasts
 13446 | Lair:1   | Noticed a six-headed hydra
 13457 | Lair:1   | Killed a one-headed hydra
 13832 | Lair:1   | Received a gift from Okawaru
 13832 | Lair:1   | Reached skill level 15 in Long Blades
 13938 | Lair:1   | Noticed a five-headed hydra
 13946 | Lair:1   | Killed a three-headed hydra
 14492 | Lair:1   | Identified a scroll of acquirement
 14810 | Lair:2   | Reached XP level 13. HP: 115/115 MP: 13/13
 15623 | Lair:3   | Received a gift from Okawaru
 15625 | Lair:3   | Found a staircase to the Snake Pit.
 15831 | Lair:3   | Got a bloodstained falchion {god gift}
 15832 | Lair:3   | Identified the +2 falchion of Avoreus {vorpal, rPois rF++}
                  | (Okawaru gifted it to you on level 3 of the Lair of Beasts)
 16003 | Lair:3   | Found an ornate altar of the Wu Jian Council.
 16515 | Lair:3   | Received a gift from Okawaru
 16527 | Lair:3   | Found a staircase to the Swamp.
 17351 | Lair:4   | Received a gift from Okawaru
 17875 | D:13     | Reached skill level 16 in Long Blades
 17998 | D:13     | Gained mutation: You are dopey. (Int -2) [a neqoxec]
 18426 | D:13     | Found Jaeppion's Food Boutique.
 19267 | Orc:1    | Entered Level 1 of the Orcish Mines
 19456 | Orc:2    | Entered Level 2 of the Orcish Mines
 19487 | Orc:2    | Noticed Josephine
 19495 | Orc:2    | Killed Josephine
 19502 | Orc:2    | Reached XP level 14. HP: 96/126 MP: 11/14
 19655 | Orc:2    | Received a gift from Okawaru
 19706 | Orc:1    | Slain by an orc warrior

Illustrated notes

Levels and vault maps discovered:
D:1:      evilmike_arrival_fibonacci_small, layout_basic
D:2:      layout_rooms, old_standard_altar, old_standard_altar, bloody_makhleb,
          fedhas_altar_1
D:3:      minmay_inner_zag, layout_rooms
D:4:      layout_layer_cave, minmay_temple_entry_arrows, serial_shops,
          shop_fountains
D:5:      layout_gridville, nicolae_tso_besieged_by_evil, first_ration
D:6:      layout_basic, lemuel_round_altar, fiery_altar_vehumet, basic_altar,
          uniq_eustachio, uniq_grinder
D:7:      layout_rooms, nicolae_overflow_crystal_walls, lemuel_crystal_altar,
          ebering_ghost_xom, uniq_joseph
D:8:      layout_basic, minmay_lair_entry_grove, gammafunk_ghost_icy, uniq_erica
D:9:      layout_roguey, nicolae_qazlal_general_emergency
D:10:     layout_loops_ring, erik_orc_4, basic_altar
D:11:     layout_cave_pods, hangedman_little_slice_of_home, due_unseen_surprise,
          uniq_snorg
D:12:     layout_irregular_city, uniq_frances, uniq_kirke
D:13:     layout_roguey, serial_shops, nicolae_shop_behind_doors
Lair:1:   layout_cellular_growth, minmay_stone_trees_medium, minivault_23,
          beast_lair_carwin_11
Lair:2:   layout_cave_pods, serial_bayou, serial_bayou_lake_a,
          serial_bayou_pond_a, serial_bayou_pond_d, serial_bayou_pond_d
Lair:3:   layout_big_grid, palyth_hydra_swamp_entry,
          minmay_snake_entry_guardpost_small, basic_altar
Lair:4:   layout_cellular_growth
Orc:1:    layout_diamond_mine, serial_shops, shop, nicolae_orc_crystal_geode
Orc:2:    grunt_orc_cross, layout_caves, uniq_josephine

Skill      XL: |  1  2  3  4  5  6  7  8  9 10 11 12 13 |
---------------+----------------------------------------+-----
Shields        | 4 5 6 7 9 10 11 13 14 | 14.6
Armour         | 4 5 6 7 8 9 10 11 12 | 12.5
Fighting       | 4 5 6 7 8 9 10 12 | 12.3
Long Blades    | 3 4 5 7 9 11 13 15 16 | 16.3
Short Blades   | 1 2 3 |  3.4
Dodging        | 1 2 3 4 5 6 |  6.2
Evocations     | 1 |  1.3
Stealth        | 1 |  1.4
Invocations    | 1 |  1.1

Action                   |  1- 3 |  4- 6 |  7- 9 | 10-12 | 13-15 || total
-------------------------+-------+-------+-------+-------+-------++-------
Melee: Long sword        |   100 |    86 |   166 |       |       ||   352
       Headbutt          |    14 |    31 |    65 |   136 |    84 ||   330
       Rapier            |       |    57 |    69 |       |       ||   126
       Falchion          |       |       |    95 |     5 |       ||   100
       Double sword      |       |       |       |   519 |   285 ||   804
       Scimitar          |       |       |       |    13 |    56 ||    69
Invok: Heroism           |       |       |     4 |     3 |     2 ||     9
Evoke: Wand              |       |       |     7 |       |       ||     7
  Use: Scroll            |     2 |     2 |     4 |    11 |     6 ||    25
       Potion            |       |     5 |     2 |       |       ||     7
  Eat: Chunk             |     2 |     7 |     6 |    17 |    12 ||    44
       Ration            |       |       |     2 |     2 |     1 ||     5
Armor: Scale mail        |    23 |    52 |   105 |     1 |       ||   181
       Chain mail        |    54 |       |       |   181 |   150 ||   385
Dodge: Dodged            |    38 |    35 |    82 |   138 |   126 ||   419
Block: Kite shield       |    80 |    86 |   139 |   373 |   311 ||   989
       Rpst.: Long sword |     8 |     6 |    16 |       |       ||    30
       Falchion          |       |       |     2 |       |       ||     2
       Double sword      |       |       |       |    34 |    25 ||    59
       Scimitar          |       |       |       |     1 |     1 ||     2
